 Seeded DCSS version 0.31-a0-986-g5e6e4ef867 (webtiles) character file.

Game seed: 3078619542065242793 (custom seed)

856 Iich the Trooper (level 7, -5/56 HPs)
             Began as a Demonspawn Fighter on Nov 20, 2023.
             Was an Initiate of Gozag.
             Killed from afar by Pikel (8 damage)
             ... with a bolt of light
             ... on level 4 of the Dungeon.
             The game lasted 00:06:31 (2982 turns).

Iich the Trooper (Demonspawn Fighter)               Turns: 2982, Time: 00:06:31

Health: -5/56      AC: 15    Str: 18    XL:     7   Next: 70%
Magic:  7/7        EV:  6    Int: 10    God:    Gozag
Gold:   469        SH:  0    Dex: 12    Spells: 6/6 levels left

rFire   . . .        a - +1 war axe
rCold   . . .        c - +0 buckler
rNeg    . . .        m - +0 plate armour
rPois   .            (helmet restricted)
rElec   .            p - +0 cloak
rCorr   +            (no gloves)
SInv    .            (no boots)
Will    .....        (no amulet) Stlth
                     C - ring of resist corrosion
HPRegen 0.29/turn    o - ring of flight
MPRegen 0.20/turn

%: no passive effects
@: confused, gold aura, flying
A: antennae 1, powered by death 1, magic regeneration, sharp scales 2
a: Renounce Religion, Potion Petition, Call Merchant, Bribe Branch


You were on level 4 of the Dungeon.
You worshipped Gozag.
Gozag was aware of your devotion.
You visited 2 branches of the dungeon, and saw 5 of its levels.
You also visited: Ossuary.

You collected 512 gold pieces.
You paid 43 gold pieces to Gozag.

Inventory:

Hand Weapons
 a - a +1 war axe (weapon)
Armour
 b - a +0 scale mail
 c - a +0 buckler (worn)
 i - a +0 chain mail
 m - a +0 plate armour (worn)
 p - a +0 cloak (worn)
Jewellery
 n - a ring of ice
 o - a ring of flight (right hand)
 C - a ring of resist corrosion (left hand)
Wands
 r - a wand of light (8)
 A - a wand of iceblast (7)
Scrolls
 g - a scroll of poison {unknown}
 h - a scroll of immolation {unknown}
 k - a scroll of fog {unknown}
 q - a scroll of acquirement {unknown}
 t - 2 scrolls of teleportation
 v - a scroll of fear {unknown}
 w - a scroll of identify {unknown}
 x - a scroll of vulnerability {unknown}
 y - a scroll of amnesia {unknown}
 B - a scroll of revelation {unknown}
Potions
 d - 2 potions of might
 e - a potion of attraction
 f - a potion of brilliance
 j - 2 potions of enlightenment
 l - 2 potions of heal wounds
 s - a potion of berserk rage
 u - a potion of haste {unknown}
Miscellaneous
 z - a phantom mirror


   Skills:
 + Level 5.3 Fighting
 + Level 4.3 Axes
 + Level 4.7 Armour
 + Level 3.7 Dodging
 - Level 2.6 Shields


You had 6 spell levels left.
You didn't know any spells.
Your spell library contained the following spells:

 Spells                   Type           Power      Damage    Failure   Level
 Sandblast                Erth           0%         2d4       100%        1
 Passwall                 Tmut/Erth      0%         N/A       100%        2
 Stone Arrow              Conj/Erth      0%         3d7       100%        3
 Animate Armour           Summ/Erth      0%         N/A       100%        4
 Brom's Barrelling Bould  Conj/Erth      0%         2d3       100%        4
 Summon Lightning Spire   Summ/Air       0%         N/A       100%        4
 Lee's Rapid Deconstruct  Erth           0%         3d4*      100%        5


Dungeon Overview and Level Annotations

Branches:
Dungeon (4/15)             Temple (1/1) D:4         Ossuary (visited)

Altars:
Ashenzari
Dithmenos
Fedhas
Gozag
Hepliaklqana
Okawaru
Qazlal
Ru
Trog
Vehumet
Xom
Yredelemnul

Annotations:
D:4 Pikel


Innate Abilities, Weirdness & Mutations

You have a pair of small antennae on your head.
You regenerate a little health from kills.
You regenerate magic rapidly.
You are mostly covered in razor-sharp scales. (AC +2, Slay +2)


Message History

Pikel hits you with a +1 whip of freezing.
Pikel freezes you. The lemure hits you.
* * * LOW HITPOINT WARNING * * *
The lemure hits you!
* * * LOW HITPOINT WARNING * * *
The worm bites you but does no damage. x2; Pikel zaps a wand.
The bolt of light hits you but does no damage.
The lemure hits you.
* * * LOW HITPOINT WARNING * * *
The lemure barely misses you.
You take 18 damage, and have 32/56 hp. !!!!--MASSIVE DAMAGE--!!!!
You closely miss Pikel.
Pikel is heavily wounded.
You miss the lemure. You hit the worm but do no damage. You hit the lemure.
You hit the worm.
Pikel says, "Hell isn't that bad."
Pikel hits you with a +1 whip of freezing.
* * * LOW HITPOINT WARNING * * *
Pikel freezes you.
* * * LOW HITPOINT WARNING * * *
The lemure hits you but does no damage. x2; The worm bites you.
* * * LOW HITPOINT WARNING * * *
You block the worm's attack.
You take 7 damage, and have 25/56 hp.
You hit Pikel.
Pikel is heavily wounded.
You barely miss the lemure. You hit the worm. You hit the lemure.
You slash the worm!
You kill the worm!
Pikel zaps a wand.
The bolt of light hits you!!
You are confused.
* * * LOW HITPOINT WARNING * * *
The lemure hits you.
* * * LOW HITPOINT WARNING * * *
The lemure barely misses you.
You take 22 damage, and have 3/56 hp. !!!!--MASSIVE DAMAGE--!!!!
Pikel zaps a wand.
The bolt of light hits you!
You die...
Pikel says, "See you in Hell!"
Your body crumbles into a pile of gold.

### ### #... ..### #...# #...#
^....# #... ......##..#
......5#..# >.....K5.#
######### .....w5.@#
######........
^.....w$.###......###....
^^...^^#.....########.###
.^....##......####....# ^....#
#..###..#...####
#####..####..# ##.......####
##.##.........#####.###......
#..####.#....................
##.....#...#...#....####..#...


You could see Pikel (blind), 3 lemures and 2 worms.

Vanquished Creatures
  Sigmund (D:4)
  An ogre (D:4)
  A black bear (D:4)
  3 human zombies (Ossuary)
  2 jellies (D:4)
  2 gnoll boudas (D:4)
  A hound zombie (Ossuary)
  5 mummies
  9 gnolls (D:4)
  5 adders
  2 adder zombies (Ossuary)
  A worm (D:4)
  2 dart slugs
  7 orcs
  9 endoplasms
  4 giant cockroaches (D:1)
  5 goblins
  3 hobgoblins
  10 jackals
  5 quokkas
  4 ball pythons
  4 bats
  A frilled lizard (D:1)
  3 goblin zombies
  3 hobgoblin zombies (Ossuary)
  A jackal zombie (Ossuary)
  5 kobolds
  An orc zombie (D:4)
  5 rats
105 creatures vanquished.

Notes
Turn   | Place    | Note
-------+----------+-------------------------------------------
     0 | D:1      | Iich the Demonspawn Fighter began the quest for the Orb.
     0 | D:1      | Reached XP level 1. HP: 18/18 MP: 1/1
   218 | D:1      | Gained mutation: You are partially covered in razor-sharp
                  | scales. (AC +1, Slay +1) [demonic ancestry]
   218 | D:1      | Reached XP level 2. HP: 24/24 MP: 2/2
   501 | D:1      | Reached skill level 1 in Dodging
   553 | D:1      | Gained mutation: You regenerate a little health from kills.
                  | [demonic ancestry]
   553 | D:1      | Reached XP level 3. HP: 29/29 MP: 3/3
  1329 | D:3      | Gained mutation: You are mostly covered in razor-sharp
                  | scales. (AC +2, Slay +2) [demonic ancestry]
  1329 | D:3      | Reached XP level 4. HP: 35/35 MP: 4/4
  1797 | D:4      | Found a staircase to the Ecumenical Temple.
  1803 | Temple   | Entered the Ecumenical Temple
  1816 | Temple   | Became a worshipper of Gozag Ym Sagoz the Greedy
  1851 | D:4      | Gained mutation: You regenerate magic rapidly. [demonic
                  | ancestry]
  1851 | D:4      | Reached XP level 5. HP: 32/42 MP: 5/5
  1907 | D:4      | Reached skill level 4 in Fighting
  1952 | D:4      | Reached XP level 6. HP: 47/48 MP: 6/6
  1959 | D:4      | Noticed Sigmund
  1987 | D:4      | Found a sand-covered staircase.
  2008 | D:4      | HP: 1/49 [gnoll/+0 spear[a gnoll bouda] (6)]
  2412 | D:4      | Killed Sigmund
  2413 | D:4      | Gained mutation: You have a pair of small antennae on your
                  | head. [demonic ancestry]
  2413 | D:4      | Reached XP level 7. HP: 55/55 MP: 7/7
  2452 | Ossuary  | Entered an ossuary
  2474 | Ossuary  | Reached skill level 5 in Fighting
  2970 | D:4      | Noticed Pikel
  2982 | D:4      | Killed from afar by Pikel

Illustrated notes

Levels and vault maps discovered:
D:1:      lemuel_arrival_behind_the_door_small, layout_basic
D:2:      layout_rooms, serial_bayou_pond_d
D:3:      layout_rooms
D:4:      layout_rooms, minmay_temple_entry_purple_smoke,
          nicolae_ossuary_entry_giza, nicolae_wormholes, uniq_pikel,
          uniq_sigmund
Temple:   eino_temple_lava

Skill      XL: |  1  2  3  4  5  6  7 |
---------------+----------------------+-----
Axes           | 2 3 4 |  4.3
Armour         | 3 4 |  4.7
Dodging        | 1 2 3 |  3.7
Fighting       | 4 5 |  5.3
Shields        | |  2.6

Action                     |  1- 3 |  4- 6 |  7- 9 || total
---------------------------+-------+-------+-------++-------
  Melee: War axe           |   107 |    91 |    70 ||   268
  Evoke: Wand              |       |     4 |     4 ||     8
    Use: Potion            |     2 |     3 |     2 ||     7
         Scroll            |       |     1 |     1 ||     2
   Stab: Invisible         |       |     2 |       ||     2
         Distracted        |       |     1 |       ||     1
 Armour: Scale mail        |    36 |       |       ||    36
         Chain mail        |    22 |       |       ||    22
         Plate armour      |    40 |   168 |   117 ||   325
  Dodge: Dodged            |    38 |    44 |    27 ||   109
  Block: Buckler           |    34 |    31 |    18 ||    83

Table legend: (Time is in decaauts)
 A = Elapsed time spent in this place.
 B = Non-inter-level travel time spent in this place.
 C = Inter-level travel time spent in this place.
 D = Time resting spent in this place.
 E = Time spent auto-exploring this place.
 F = Levels seen in this place.
 G = Mean time per level.
                   A        B        C        D        E       F      G
               +--------+--------+--------+--------+--------+-----+--------+
         Total |   3098 |   3019 |     79 |    380 |   1792 |   6 |  516.3 |
       Dungeon |   2771 |   2692 |     79 |    355 |   1627 |   4 |  692.8 |
        Temple |     30 |     30 |      0 |      0 |      0 |   1 |   30.0 |
       Ossuary |    296 |    296 |      0 |     25 |    165 |   1 |  296.0 |
               +--------+--------+--------+--------+--------+-----+--------+

Top non-repeatable levels by time:
     D:3: 885 daAuts
     D:1: 864 daAuts
     D:4: 554 daAuts
     D:2: 467 daAuts
 Ossuary: 296 daAuts
  Temple: 30 daAuts
